 Dungeon Crawl Stone Soup version 0.23.2 (webtiles) character file.

Game seed: 11269947099853128890

3577 Fang the Fighter (level 10, 0/97 HPs)
             Began as a Gargoyle Berserker on Apr 8, 2019.
             Was a High Priest of Trog.
             Killed by divine providence
             ... invoked by an orc priest
              (10 damage)
             ... on level 7 of the Dungeon.
             The game lasted 00:06:15 (5587 turns).

Fang the Fighter (Gargoyle Berserker)               Turns: 5587, Time: 00:06:16

Health: 0/97       AC: 24    Str: 29    XL:     10   Next: 10%
Magic:  10/10      EV: 10    Int: 12    God:    Trog [*****.]
Gold:   455        SH:  0    Dex:  9    Spells: 9/9 levels left

rFire    . . .     SeeInvis .   D - +1 hand axe (freeze)
rCold    . . .     Gourm    .   (no shield)
rNeg     + + .     Faith    .   b - +0 plate armour
rPois    ∞         Spirit   .   (no helmet)
rElec    +         Reflect  .   w - +2 cloak
rCorr    .         Harm     .   (no gloves)
MR       .....                  (no boots)
Stlth    ..........             e - amulet of regeneration
HPRegen  0.66/turn              p - +4 ring of intelligence
MPRegen  0.12/turn              C - ring of positive energy

@: berserking (expiring), very quick
A: negative energy resistance 1, electricity resistance, unbreathing,
petrification resistance, rot immunity, AC +7
a: Berserk, Trog's Hand, Brothers in Arms, Renounce Religion


You were on level 7 of the Dungeon.
You worshipped Trog.
Trog was extremely pleased with you.
You were hungry.

You visited 2 branches of the dungeon, and saw 8 of its levels.

You collected 455 gold pieces.

Inventory:

Hand Weapons
 a - a +0 hand axe
 D - a +1 hand axe of freezing (weapon)
 H - the +4 war axe of Purpose {distort, rElec Str+2 Stlth+}
   (Trog gifted it to you on level 7 of the Dungeon)

   It warps and distorts space around it.
   Unwielding it can cause banishment or high damage.
   It affects your strength (+2).
   It insulates you from electricity.
   It makes you more stealthy.
Armour
 b - a +0 plate armour (worn)
 w - a +2 cloak (worn)
Jewellery
 e - an amulet of regeneration (around neck)
 p - a +4 ring of intelligence (left hand)
 x - an uncursed amulet of the acrobat
 C - a ring of positive energy (right hand)
Wands
 s - a wand of flame (12)
 y - a wand of paralysis (8)
 G - a wand of enslavement (12)
 I - a wand of polymorph (8)
Scrolls
 d - a scroll of blinking {unknown}
 g - a scroll of enchant armour {unknown}
 j - 9 scrolls of identify {unknown}
 m - 2 scrolls of amnesia {unknown}
 n - 6 scrolls of remove curse {unknown}
 o - a scroll of enchant weapon {unknown}
 t - 5 scrolls of teleportation {unknown}
 u - a scroll of noise {unknown}
 B - a scroll of random uselessness {unknown}
Potions
 f - a potion of berserk rage {unknown}
 h - a potion of heal wounds {unknown}
 i - a potion of haste {unknown}
 k - 3 potions of curing {unknown}
 l - a potion of lignification {unknown}
 q - a potion of mutation {unknown}
 v - 2 potions of magic {unknown}
 z - a potion of agility {unknown}
 A - a potion of brilliance {unknown}
 E - 2 potions of flight {unknown}
 F - 2 potions of might {unknown}
Comestibles
 c - 14 rations


   Skills:
 + Level 8.4 Fighting
 + Level 7.0 Axes
 + Level 8.1 Armour
 + Level 6.1 Dodging


You had 9 spell levels left.
You didn't know any spells.
Your spell library was empty.

Dungeon Overview and Level Annotations

Branches:
Dungeon (7/15)             Temple (1/1) D:6

Altars:
Ashenzari
Cheibriados
Kikubaaqudgha
Nemelex Xobeh
Vehumet
The Shining One


Innate Abilities, Weirdness & Mutations

You are resistant to torment.
Your stone body is resilient. (AC +7)
You are immune to poison.
You resist negative energy. (rN+)
You are resistant to electric shocks. (rElec)
You can survive without breathing.
You are immune to petrification.
You are immune to rotting.


Message History

The orc warrior misses you.
You barely miss the orc warrior.
The orc warrior is severely wounded.
The orc warrior hits you with a +0 halberd.
* * * LOW HITPOINT WARNING * * *
You hit the orc warrior but do no damage.
The orc warrior is severely wounded.
You closely miss the orc warrior.
The orc warrior is severely wounded.
The orc warrior hits you with a +0 halberd.
* * * LOW HITPOINT WARNING * * *
You slash the orc warrior! You freeze the orc warrior.
You kill the orc warrior!
Trog accepts your kill.
Your Axes skill increases to level 7!
You feel yourself speed up.
You completely miss the orc.
The orc priest mumbles some strange prayers to Beogh against you.
Beogh smites you!
You die...

#>##.#.# ... #.
##.##...# #.####.
#...[..# #....#)
##......#
#####....
#..._...#
.........
#.......# #
#####....
#.....).##.# ##.##
#.#.##.)...# #.#
#######...###@####
#.# ..##......#
#o# #.#
#.##.###### #.#
#.# #.##.# #o# #)#
#.##.# ..# #.#
.###.##.##.# ###
########.#
...........#
#........#
####.##........
#.########
#.########## #.#


You could see an orc priest and an orc.

Vanquished Creatures
  Pikel (D:7)
  Grinder (D:3)
  Prince Ribbit (D:7)
  Duvessa (D:6)
  2 orc warriors
  3 sky beasts
  3 ogres
  2 phantoms
  A big kobold (D:7)
  Dowan (D:6)
  A bullfrog (D:6)
  3 scorpions (D:6)
  A howler monkey (D:6)
  3 crimson imps
  A jelly (D:6)
  Crazy Yiuf (D:3)
  5 orc priests
  2 centaur skeletons (D:6)
  A gnoll shaman (D:6)
  3 hounds
  12 orc wizards
  Ijyb (D:3)
  3 iguanas
  7 worker ants
  A killer bee zombie (D:6)
  Robin (D:3)
  3 gnolls (D:6)
  7 adders
  A shadow imp (D:5)
  3 oozes
  2 worms (D:3)
  2 dart slugs
  7 leopard geckos
  25 orcs
  10 giant cockroaches
  19 goblins
  9 hobgoblins
  7 jackals
  12 kobolds
  3 ball pythons
  7 bats
  3 frilled lizards
  8 rats
190 creatures vanquished.

Vanquished Creatures (others)
  3 slaves (D:7)
  A kobold (D:7)
4 creatures vanquished.

Grand Total: 194 creatures vanquished

Notes
Turn   | Place    | Note
-------+----------+-------------------------------------------
     0 | D:1      | Fang the Gargoyle Berserker began the quest for the Orb.
     0 | D:1      | Reached XP level 1. HP: 14/14 MP: 1/1
    73 | D:1      | Reached XP level 2. HP: 16/19 MP: 2/2
   149 | D:1      | Reached XP level 3. HP: 11/23 MP: 3/3
   356 | D:1      | Reached ** piety under Trog
   783 | D:2      | Reached XP level 4. HP: 29/29 MP: 4/4
  1437 | D:3      | Found a faded altar of an unknown god.
  1614 | D:3      | Reached XP level 5. HP: 33/33 MP: 5/5
  1615 | D:3      | Reached *** piety under Trog
  1719 | D:3      | Found a runed translucent door.
  1720 | D:3      | Noticed Crazy Yiuf
  1781 | D:3      | Noticed Robin
  1794 | D:3      | Killed Robin
  1794 | D:3      | Reached XP level 6. HP: 38/39 MP: 6/6
  1805 | D:3      | Noticed Grinder
  1833 | D:3      | Paralysed by Grinder for 3 turns
  1843 | D:3      | Killed Grinder
  1843 | D:3      | Reached skill level 5 in Fighting
  1909 | D:3      | Reached XP level 7. HP: 44/44 MP: 7/7
  1930 | D:3      | Found a snail-covered altar of Cheibriados.
  1932 | D:3      | Noticed Ijyb
  1957 | D:3      | Killed Ijyb
  2082 | D:3      | Found a glowing golden altar of the Shining One.
  2185 | D:3      | Killed Crazy Yiuf
  2539 | D:4      | Found a sparkling altar of Nemelex Xobeh.
  2696 | D:4      | Reached skill level 5 in Armour
  3121 | D:4      | Reached XP level 8. HP: 34/51 MP: 8/8
  3571 | D:5      | Entered Level 5 of the Dungeon
  3595 | D:5      | Reached **** piety under Trog
  3840 | D:5      | Reached skill level 5 in Axes
  4259 | D:6      | Found a staircase to the Ecumenical Temple.
  4293 | D:6      | HP: 1/78 [orc priest/divine providence (13)]
  4380 | D:6      | Reached XP level 9. HP: 56/56 MP: 9/9
  4382 | Temple   | Entered the Ecumenical Temple
  4519 | D:6      | Reached skill level 5 in Dodging
  4670 | D:6      | Reached ***** piety under Trog
  4691 | D:6      | Noticed Duvessa
  4691 | D:6      | Noticed Dowan
  4709 | D:6      | Killed Duvessa
  4731 | D:6      | Killed Dowan
  4820 | D:6      | Found a radiant altar of Vehumet.
  4930 | D:7      | Found a shattered altar of Ashenzari.
  4962 | D:7      | Noticed Pikel
  4975 | D:7      | Killed Pikel
  5303 | D:7      | Received a gift from Trog
  5307 | D:7      | Got a scorched war axe {god gift}
  5308 | D:7      | Identified the +4 war axe of Purpose {distort, rElec Str+2
                  | Stlth+} (Trog gifted it to you on level 7 of the Dungeon)
  5428 | D:7      | Noticed Prince Ribbit
  5459 | D:7      | Killed Prince Ribbit
  5459 | D:7      | Reached XP level 10. HP: 48/64 MP: 10/10
  5555 | D:7      | Found an ancient bone altar of Kikubaaqudgha.
  5587 | D:7      | Killed from afar by an orc priest

Skill      XL: |  1  2  3  4  5  6  7  8  9 10 |
---------------+-------------------------------+-----
Axes           | 3 4 5 6 7 |  7.0
Dodging        | 2 3 4 6 |  6.1
Armour         | 3 4 5 6 8 |  8.1
Fighting       | 4 5 6 8 |  8.4

Action                   |  1- 3 |  4- 6 |  7- 9 | 10-12 || total
-------------------------+-------+-------+-------+-------++-------
Melee: Hand axe          |   108 |   129 |   651 |    23 ||   911
       Unarmed           |       |       |    17 |       ||    17
       War axe           |       |       |    26 |       ||    26
Invok: Berserk           |       |     1 |     6 |     1 ||     8
       Trog's Hand       |       |       |     1 |       ||     1
 Stab: Invisible         |       |       |     1 |       ||     1
  Eat: Chunk             |       |     4 |    19 |     1 ||    24
Armor: Animal skin       |    41 |    36 |       |       ||    77
       Chain mail        |       |    22 |   232 |       ||   254
       Skin              |       |       |     2 |       ||     2
       Plate armour      |       |       |   230 |    15 ||   245
Dodge: Dodged            |    80 |    77 |   295 |    13 ||   465
